 Dungeon Crawl Stone Soup version 0.30-a0-4-ga7cffc901d (webtiles) character file.

Game seed: 10259957782447852328

235 yokelz the Covert (level 5, -1/24 HPs)
             Began as a Spriggan Enchanter on Aug 20, 2022.
             Slain by Grinder (6 damage)
             ... while paralysed by Grinder
             ... on level 3 of the Dungeon.
             The game lasted 00:07:56 (2871 turns).

yokelz the Covert (Spriggan Enchanter)              Turns: 2871, Time: 00:07:57

Health: -1/24      AC:  2    Str:  4    XL:     5   Next: 76%
Magic:  19/19      EV:  4    Int: 19    God:
Gold:   146        SH:  0    Dex: 15    Spells: 7/9 levels left

rFire   . . .      SeeInvis +    i - +4 dagger
rCold   + . .      Faith    .    (no shield)
rNeg    . . .      Spirit   .    b - +0 robe
rPois   .          Reflect  .    (helmet restricted)
rElec   .          Harm     .    (no cloak)
rCorr   .          Rampage  .    (gloves unavailable)
Will    .....                    (boots unavailable)
Stlth   ++++......               f - amulet of the acrobat
HPRegen 0.08/turn                e - ring of protection from cold
MPRegen 0.16/turn                m - ring of magical power

@: paralysed, very quick
A: very small, no large weapons, unfitting armour, see invisible, speed 3
a: no special abilities


You were on level 3 of the Dungeon.
You visited 1 branch of the dungeon, and saw 3 of its levels.

You collected 146 gold pieces.

Inventory:

Hand Weapons
 a - a +1 dagger
 i - a +4 dagger (weapon)
Missiles
 p - 2 poisoned darts (quivered)
Armour
 b - a +0 robe (worn)
Jewellery
 e - a ring of protection from cold (left hand)
 f - an amulet of the acrobat (around neck)
 m - a ring of magical power (right hand)
 n - a ring of resist corrosion
 t - a +6 ring of strength
Scrolls
 d - 2 scrolls of amnesia {unknown}
 h - 2 scrolls of enchant weapon {unknown}
 j - 2 scrolls of identify {unknown}
 o - a scroll of teleportation {unknown}
 s - a scroll of enchant armour {unknown}
Potions
 c - a potion of invisibility
 g - a potion of lignification {unknown}
 k - 2 potions of ambrosia {unknown}
 l - a potion of brilliance {unknown}
 q - a potion of heal wounds {unknown}
 r - a potion of mutation {unknown}


   Skills:
 - Level 1.1 Short Blades
 - Level 2.6 Dodging
 + Level 9.0 Stealth
 - Level 2.6 Spellcasting
 * Level 5.0 Hexes


You had 7 spell levels left.
You knew the following spells:

 Your Spells              Type           Power      Damage    Failure   Level
a - Ensorcelled Hibernat  Hex/Ice        24%        N/A       9%          2

Your spell library contained the following spells:

 Spells                   Type           Power      Damage    Failure   Level
 Confusing Touch          Hex            21%        N/A       6%          3
 Tukima's Dance           Hex            21%        N/A       6%          3
 Foxfire                  Conj/Fire      8%         2x1d4     16%         1
 Dazzling Flash           Conj/Hex       24%        N/A       17%         3
 Inner Flame              Hex/Fire       12%        N/A       17%         3
 Conjure Flame            Conj/Fire      2%         6-21      43%         3
 Flame Wave               Conj/Fire      2%         2d4       83%         4


Dungeon Overview and Level Annotations

Branches:
Dungeon (3/15)

Altars:

Shops:
D:3 (

Annotations:
D:2 Robin
D:3 Grinder


Innate Abilities, Weirdness & Mutations

You are very small and have problems with some larger weapons.
You are too small for most types of armour.
You have supernaturally acute eyesight. (SInv)
You cover ground extremely quickly. (Speed+++)


Message History

j - 2 scrolls labelled EDOTEY PAOHEONO (gained 1)
You open the door.
There is an open door here.
Found a stone staircase leading down.
Found a stone staircase leading up.
An endoplasm comes into view.
Found 7 stones.
There are no items here.
Found a stone staircase leading down.
You see here a scroll labelled FOPPAUMPEL.
s - a scroll labelled FOPPAUMPEL The helpless endoplasm fails to defend itself.
You skewer the endoplasm like a kebab!!!
You kill the endoplasm!
You see here 7 stones.
There is a stone staircase leading down here.
You open the door.
You now have 146 gold pieces (gained 16).
There is a stone staircase leading up here.
You open the door.
There is an open door here.
t - a +6 ring of strength
Found a dagger.
Grinder and a ball python come into view.
Grinder shouts!
Grinder blinks!
You see here a +1 long sword of protection.
You start waiting.
Grinder is nearby!
Grinder gestures at you.
You suddenly lose the ability to move!
Grinder hits you but does no damage. Grinder hits you.
You writhe in agony.
Grinder hits you.
You writhe in agony.
Grinder gestures at you. You resist with significant effort. Grinder hits you.
* * * LOW HITPOINT WARNING * * *
You writhe in agony.
You die...

#.#.#.# #.#.#.# ######
#.#.#.# #..... ###
#.#.#.# #.#### #..
#.#.#.###.# #.
#.########.#.#.....# #.
#............'.....# #.
#..####5...#.#.....# #.
#..##.@....#.#.....# #.
#).##........#.....###.
#..##############..>.#.
#.... ..#..#.#.
+.5.ยง.. #.#..#.#.
#..)S.... #.# .#.#.
......... #.####.#.
...#..... #.#......
...#..... #.#.##.##


You could see Grinder.

Vanquished Creatures
  A black bear (D:3)
  Jessica (D:2)
  2 orc wizards (D:2)
  2 adders (D:2)
  2 orcs (D:2)
  6 ball pythons
  7 bats
  3 endoplasms
  2 giant cockroaches
  5 goblins
  5 hobgoblins
  5 quokkas
  3 frilled lizards
  7 kobolds
  5 rats
56 creatures vanquished.

Notes
Turn   | Place    | Note
-------+----------+-------------------------------------------
     0 | D:1      | yokelz the Spriggan Enchanter began the quest for the Orb.
     0 | D:1      | Reached XP level 1. HP: 9/9 MP: 5/5
   124 | D:1      | Reached skill level 5 in Stealth
   378 | D:1      | Reached XP level 2. HP: 13/13 MP: 6/6
   787 | D:1      | Reached skill level 6 in Stealth
  1113 | D:2      | Reached XP level 3. HP: 16/16 MP: 8/8
  1470 | D:2      | Learned a level 2 spell: Ensorcelled Hibernation
  1545 | D:2      | Reached skill level 7 in Stealth
  1550 | D:2      | Reached XP level 4. HP: 11/21 MP: 6/9
  1706 | D:2      | Reached skill level 8 in Stealth
  1994 | D:2      | HP: 1/21 [poisoned by an adder]
  2459 | D:2      | Noticed Jessica
  2466 | D:2      | Killed Jessica
  2467 | D:2      | Reached XP level 5. HP: 24/24 MP: 10/10
  2518 | D:2      | Noticed Robin
  2642 | D:3      | Noticed a black bear
  2646 | D:3      | Killed a black bear
  2647 | D:3      | Reached skill level 9 in Stealth
  2647 | D:3      | Reached skill level 5 in Hexes
  2681 | D:3      | Found Midghat's Antique Weapon Emporium.
  2846 | D:3      | Noticed Grinder
  2866 | D:3      | Paralysed by Grinder for 5 turns
  2871 | D:3      | Slain by Grinder

Illustrated notes

Levels and vault maps discovered:
D:1:      lemuel_arrival_broad_hall, layout_loops_ring, minmay_fountain_box,
          minmay_pentomino_t2
D:2:      minmay_razor_zed, layout_basic, basic_altar, uniq_robin, uniq_jessica
D:3:      layout_basic, nicolae_ru_sacrificial_ziggurat,
          shapermc_ecumenical_altar_flowoftime, serial_shops,
          nicolae_shop_crystal, uniq_grinder

Skill      XL: |  1  2  3  4  5 |
---------------+----------------+-----
Stealth        | 5 6 7 8 9 |  9.0
Hexes          | 4 5 |  5.0
Short Blades   | |  1.1
Dodging        | |  2.6
Spellcasting   | |  2.6

Action                   |  1- 3 |  4- 6 || total
-------------------------+-------+-------++-------
Melee: Dagger            |    86 |    43 ||   129
Throw: Dart              |     2 |       ||     2
 Cast: Ensorcelled Hiber |     5 |    18 ||    23
  Use: Potion            |     1 |       ||     1
 Stab: Sleeping          |    17 |    17 ||    34
Armor: Robe              |     6 |     7 ||    13
Dodge: Dodged            |    57 |    40 ||    97

Table legend: (Time is in decaauts)
 A = Elapsed time spent in this place.
 B = Non-inter-level travel time spent in this place.
 C = Inter-level travel time spent in this place.
 D = Time resting spent in this place.
 E = Time spent auto-exploring this place.
 F = Levels seen in this place.
 G = Mean time per level.
                   A        B        C        D        E       F      G
               +--------+--------+--------+--------+--------+-----+--------+
         Total |   2364 |   2334 |     30 |    945 |    795 |   3 |  788.0 |
       Dungeon |   2364 |   2334 |     30 |    945 |    795 |   3 |  788.0 |
               +--------+--------+--------+--------+--------+-----+--------+

Top non-repeatable levels by time:
     D:2: 1027 daAuts
     D:1: 749 daAuts
     D:3: 587 daAuts
